Cogmind - Beta 12 @@@ ROGUE MODE // 2023.04.28 @ 01:28:05 Player: Exp. Geonium Core Result: Self-destructed Performance ------------- Evolutions (3) 1500 Regions Visited (10) 2000 Robots Destroyed (24) 120 Value Destroyed (1105) 1105 Prototype IDs (27) 540 Alien Tech Used (0) 0 Bonus (1965) 1965 TOTAL SCORE: 7230 Bonus ------- Follower Combat Kills 343 Entered Garrisons 400 Used RIF Installer 1000 Aligned with FarCom 300 Friendly Fire -78 Cogmind --------- Core Integrity 18/700 Matter 123/300 Energy 100/100 System Corruption 0% Temperature Cool (1) Movement Flying (35) Location -7/Factory Parts ------- > --- POWER (1) -------- (None) > --- PROPULSION (2) --- VTOL Module > --- UTILITY (8) ------ Advanced Visual Processing Unit Improved Melee Analysis Suite Relay Coupler [Duelist] (22) > --- WEAPON (2) ------- Improved Datajack Powered Hammer > --- INVENTORY (5) ---- Relay Coupler [Grunt] (22) Ion Cannon Rocket Launcher Improved Datajack Improved Remote Datajack Peak State ------------ > --- POWER ------------ Backup Power III > --- PROPULSION ------- Improved Cesium-ion Thruster Improved Cesium-ion Thruster > --- UTILITY ---------- Trap Scanner Advanced Targeting Computer Armor Integrity Analyzer Advanced Hacking Suite Relay Coupler [NC] Relay Coupler [Swarmer] Relay Coupler [Grunt] Relay Coupler [Sentry] > --- WEAPON ----------- Improved Remote Datajack Makeshift Spear > --- INVENTORY -------- Grenade Launcher Improved Datajack Deploy-a-Sentry Deploy-a-Sentry Deploy-a-Sentry [Rating: 52] Favorites ----------- Power Backup Power III Engine Backup Power III Propulsion Improved Cesium-ion Thruster Treads Light Treads Leg Potential Leg Flight Unit Improved Cesium-ion Thruster Utility Targeting Computer Device Trap Scanner Storage Small Storage Unit Processor Targeting Computer Hackware Relay Coupler [NC] Protection Light Armor Plating Weapon Makeshift Spear Ballistic Gun Enhanced Autogun Launcher Grenade Launcher Special Weapon Improved Remote Datajack Impact Weapon Powered Hammer Piercing Weapon Makeshift Spear Special Melee Weapon Improved Datajack Build | -11 -10 -10 -10 -9 -8 -8 -8 -7 -7 -7 ------- Run | Jun Mat Min Exi Min Mat Gar Sto Fac Gar Fac Slots Evolved 6 | . . . . . 4 . . 2 . . Power . | . . . . . . . . . . . Propulsion . | . . . . . . . . . . . Utility 6 | . . . . . 4 . . 2 . . Weapon . | . . . . . . . . . . . Parts Attached 45 | 2 . 1 3 2 13 6 2 2 4 10 Power 1 | . . . . . 1 . . . . . Engine 1 | . . . . . 1 . . . . . Core . | . . . . . . . . . . . Reactor . | . . . . . . . . . . . Propulsion 8 | 2 . . 2 . 2 . . . . 2 Treads 2 | 2 . . . . . . . . . . Leg 2 | . . . 2 . . . . . . . Wheel . | . . . . . . . . . . . Hover . | . . . . . . . . . . . Flight 4 | . . . . . 2 . . . . 2 Utility 19 | . . 1 . . 7 4 . 2 3 2 Device 3 | . . . . . 3 . . . . . Storage . | . . . . . . . . . . . Processor 7 | . . 1 . . 3 . . 1 . 2 Hackware 8 | . . . . . . 4 . 1 3 . Protection 1 | . . . . . 1 . . . . . Artifact . | . . . . . . . . . . . Weapon 17 | . . . 1 2 3 2 2 . 1 6 Energy Gun . | . . . . . . . . . . . Energy Cannon . | . . . . . . . . . . . Ballistic Gun 2 | . . . . 1 1 . . . . . Ballistic Cannon . | . . . . . . . . . . . Launcher 7 | . . . . 1 1 1 1 . 1 2 Special Weapon 2 | . . . . . . 1 1 . . . Impact Weapon 1 | . . . . . . . . . . 1 Slashing Weapon . | . . . . . . . . . . . Piercing Weapon 2 | . . . 1 . 1 . . . . . Special Melee Weapon 3 | . . . . . . . . . . 3 Unidentified Prototypes 2 | . . . . . 2 . . . . . Parts Lost 12 | . . . . . . . 1 . 8 3 Power 2 | . . . . . . . 1 . 1 . Propulsion 2 | . . . . . . . . . 2 . Utility 6 | . . . . . . . . . 3 3 Weapon 2 | . . . . . . . . . 2 . Highest Loss Streak 8 | . . . . . . . 1 . 8 2 To Critical Strikes . | . . . . . . . . . . . Average Slot Usage (%) 77 | . 57 60 71 71 75 100 99 94 82 37 Engine 2 | . . . . . . 9 8 7 4 . Treads 2 | . 28 28 9 . . . . . . . Leg 7 | . . . 18 28 15 . . . . . Flight 7 | . . . . . 2 18 18 15 11 2 Device 6 | . . . . . 8 11 9 7 7 . Processor 15 | . . 3 14 14 25 29 9 9 4 8 Hackware 14 | . . . . . . 13 36 37 40 19 Protection 1 | . . . . . 5 . . . . . Ballistic Gun 7 | . 28 28 23 9 9 3 . . . . Special Weapon 2 | . . . . . . 2 8 7 5 . Piercing Weapon 6 | . . . 4 14 8 9 9 7 6 . Naked Turns . | . . . . . . . . . . . Heaviest Build 11 | 3 3 3 3 3 11 11 11 10 10 5 Greatest Support 60 | 3 3 3 30 3 60 18 12 12 12 4 Greatest Overweight (x) 3 | . . . . . 1 3 . . 1 1 Average Overweight (x) . | . . . . . . . . . . . Largest Inventory Capacity 8 | 8 5 5 5 5 5 5 5 5 5 5 Average Capacity 5 | 5 5 5 5 5 5 5 5 5 5 5 Most Carried 6 | 6 1 3 5 5 5 5 5 5 5 5 Average Carried 4 | 2 . 1 4 5 4 4 5 4 4 4 Final Capacity 5 | 5 5 5 5 5 5 5 5 5 5 5 Final Carried 5 | . 1 3 5 5 5 5 5 4 3 5 Class Distribution -------------------- 51% | Mutant 18% | Commander-Sprinter 10% | Scout 9% | Bothacker-Mutant 9% | Bothacker-Sprinter Dominant Class ---------------- Mutant | -10/Mines Mutant | -10/Exiles Mutant | -9/Mines Mutant | -8/Materials Scout | -8/Garrison Commander-Sprinter | -8/Storage Commander-Sprinter | -7/Factory Bothacker-Sprinter | -7/Garrison Mutant | -7/Factory Resources | -11 -10 -10 -10 -9 -8 -8 -8 -7 -7 -7 ----------- Run | Jun Mat Min Exi Min Mat Gar Sto Fac Gar Fac Matter Collected 750 | 200 . 50 . . 131 . 275 44 17 33 Remotely . | . . . . . . . . . . . Salvage Created 569 | . . 17 . 23 396 . . . 29 104 Parts 41 | . . 2 . 5 23 . . . 3 8 Haulers Intercepted 3 | . . . . . 3 . . . . . Recyclers Shooed 1 | . . . . . 1 . . . . . Parts Field Recycled . | . . . . . . . . . . . Retrieved Matter . | . . . . . . . . . . . Parts Self-Destructed . | . . . . . . . . . . . Prevented . | . . . . . . . . . . . Kills | -11 -10 -10 -10 -9 -8 -8 -8 -7 -7 -7 ------- Run | Jun Mat Min Exi Min Mat Gar Sto Fac Gar Fac Combat Hostiles Destroyed 18 | . . 1 . 3 7 . . . 2 5 Melee 4 | . . . . . 4 . . . . . Guns 1 | . . 1 . . . . . . . . AOE 13 | . . . . 3 3 . . . 2 5 Classes Destroyed 7 | . . 1 . . 2 . . . 1 3 Worker 1 | . . . . . . . . . . 1 Builder 1 | . . . . . . . . . . 1 Hauler 3 | . . . . . 3 . . . . . Operator 1 | . . . . . . . . . . 1 Swarmer 12 | . . 1 . 3 3 . . . . 5 Cutter 2 | . . . . . . . . . 2 . Sentry 4 | . . . . . 4 . . . . . Best Kill Streak 4 | . . 1 . 3 3 . . . 2 4 Combat Bots Only 3 | . . 1 . 3 3 . . . 2 3 Max Kills in Single Turn 3 | . . 1 . 3 3 . . . 2 3 Gunslinging . | . . . . . . . . . . . Exploded 3 | . . . . 3 3 . . . 2 2 Melee 1 | . . . . . 1 . . . . . Uniques/NPCs Destroyed . | . . . . . . . . . . . Combat | -11 -10 -10 -10 -9 -8 -8 -8 -7 -7 -7 -------- Run | Jun Mat Min Exi Min Mat Gar Sto Fac Gar Fac Damage Taken 1513 | . 25 81 . 23 173 3 50 42 859 257 Core 713 | . . . . . 28 3 . 31 527 124 Absorbed by Shields 45 | . . . . . . . . . 45 . Core Remaining (%) 98 | 100 . . . 100 . . 94 . . . Volleys Fired 47 | . . 5 . 1 7 . 16 3 10 5 Largest 2 | . . 2 . 1 2 . 1 1 1 1 Hottest 55 | . . 40 . 30 55 . 30 7 30 33 Shots Fired 53 | . . 10 . 1 8 . 16 3 10 5 Gun 17 | . . 10 . . 7 . . . . . Cannon . | . . . . . . . . . . . Launcher 10 | . . . . 1 1 . 2 . 1 5 Special 26 | . . . . . . . 14 3 9 . Kinetic 17 | . . 10 . . 7 . . . . . Thermal . | . . . . . . . . . . . Explosive 10 | . . . . 1 1 . 2 . 1 5 Electromagnetic . | . . . . . . . . . . . Robot Hit Streak 11 | . . 3 . . . . 7 10 11 3 Robot Miss Streak 2 | . . 1 . 1 . . 2 . 1 2 Penetration Max . | . . . . . . . . . . . Secondary Targets . | . . . . . . . . . . . Shots Hit Robots 52 | . . 6 . . 19 1 12 3 7 4 Core Hits 34 | . . 3 . 3 10 . 3 . 3 12 Critical Kills . | . . . . . . . . . . . Critical Parts Destroyed 1 | . . 1 . . . . . . . . Critical Strikes 1 | . . 1 . . . . . . . . Destroy 1 | . . 1 . . . . . . . . Melee Attacks 59 | . . . . . 36 3 1 10 6 3 Impact 3 | . . . . . . . . . . 3 Slashing . | . . . . . . . . . . . Piercing 56 | . . . . . 36 3 1 10 6 . Sneak Attacks 7 | . . . . . 6 1 . . . . Combat Hostiles 1 | . . . . . . 1 . . . . Follow-up Attacks . | . . . . . . . . . . . Damage Inflicted 1809 | . . 59 . 151 837 96 99 . 81 486 Guns 59 | . . 59 . . . . . . . . Cannons . | . . . . . . . . . . . Explosions 866 | . . . . 151 109 . 99 . 81 426 Melee 877 | . . . . . 728 89 . . . 60 Ramming 7 | . . . . . . 7 . . . . Kinetic 59 | . . 59 . . . . . . . . Thermal . | . . . . . . . . . . . Explosive 866 | . . . . 151 109 . 99 . 81 426 Electromagnetic . | . . . . . . . . . . . Impact 60 | . . . . . . . . . . 60 Slashing . | . . . . . . . . . . . Piercing 817 | . . . . . 728 89 . . . . Highest Corruption 1 | . . . . . 1 1 1 . . . Average Corruption 1 | . . . . . 1 1 1 . . . Corruption Purged . | . . . . . . . . . . . Corruption Blocked . | . . . . . . . . . . . Effects 2 | . . . . . 1 . 1 . . . Matter Fused 1 | . . . . . 1 . . . . . Energy Discharges 1 | . . . . . . . 1 . . . Overload Shots . | . . . . . . . . . . . Overflow Damage 75 | . . . . . 16 14 . . . 45 Projectiles . | . . . . . . . . . . . Explosions . | . . . . . . . . . . . Melee 75 | . . . . . 16 14 . . . 45 Knockbacks . | . . . . . . . . . . . Impact . | . . . . . . . . . . . Kinetic . | . . . . . . . . . . . Secondary . | . . . . . . . . . . . Self-Inflicted Damage 138 | . . . . . . 3 30 . 34 71 Shots 5 | . . . . . . . 1 . 1 3 Rammed 1 | . . . . . . 1 . . . . Targets Rammed 1 | . . . . . . 1 . . . . Kicked . | . . . . . . . . . . . Crushed . | . . . . . . . . . . . Highest Temperature 31 | . . 31 . . 8 . . . 1 . Average Temperature 7 | . . 19 . . 3 . . . 1 . Received Heat Transfer 234 | . 15 36 . . 45 . . 18 108 12 Siege Activations . | . . . . . . . . . . . Robots Corrupted . | . . . . . . . . . . . Combat Hostiles . | . . . . . . . . . . . Parts Fried 1 | . . . . . . . . . . 1 Impact Corruptions 4 | . . . . . . . . . . 4 Robots Melted . | . . . . . . . . . . . Combat Hostiles . | . . . . . . . . . . . Parts Melted . | . . . . . . . . . . . Heat Transferred . | . . . . . . . . . . . Parts Sabotaged . | . . . . . . . . . . . Parts Stolen . | . . . . . . . . . . . Parts Stripped . | . . . . . . . . . . . Power Chain Reactions . | . . . . . . . . . . . Missiles Intercepted . | . . . . . . . . . . . Alert | -11 -10 -10 -10 -9 -8 -8 -8 -7 -7 -7 ------- Run | Jun Mat Min Exi Min Mat Gar Sto Fac Gar Fac Peak Influence 458 | . 8 38 . 105 207 317 370 453 415 458 Initial 317 | . . 3 . . 40 103 154 163 317 217 Average 180 | . 4 11 . 98 81 231 285 209 350 301 Maximum Alert Level 2 | . . . . . 1 1 1 2 2 2 Low Security (%) 58 | 100 100 100 . 100 98 28 18 74 . . Level 1 38 | . . . . . 1 71 81 20 92 85 Level 2 2 | . . . . . . . . 5 7 14 Level 3 . | . . . . . . . . . . . Level 4 . | . . . . . . . . . . . Level 5 . | . . . . . . . . . . . High Security . | . . . . . . . . . . . Max Security . | . . . . . . . . . . . Squads Dispatched 2 | . . . . . . . . 1 . 1 Investigation 2 | . . . . . . . . 1 . 1 Extermination . | . . . . . . . . . . . Reinforcement . | . . . . . . . . . . . Assault . | . . . . . . . . . . . Garrison . | . . . . . . . . . . . Intercept . | . . . . . . . . . . . Searches Triggered . | . . . . . . . . . . . Construction Impeded . | . . . . . . . . . . . Haulers Reinforced . | . . . . . . . . . . . Active Scanning Responses . | . . . . . . . . . . . Cargo Convoy Interrupts . | . . . . . . . . . . . Stealth | -11 -10 -10 -10 -9 -8 -8 -8 -7 -7 -7 --------- Run | Jun Mat Min Exi Min Mat Gar Sto Fac Gar Fac Distress Signals 1 | . . . . . . . . . . 1 Communications Jammed . | . . . . . . . . . . . Distress Signals . | . . . . . . . . . . . Times Spotted 74 | . 3 4 . 3 9 . 6 12 26 11 Peak Tracking Total 14 | . 3 4 . 3 3 . 3 8 14 11 Tactical Retreats 6 | . . . . . . . . 2 3 1 Traps | -11 -10 -10 -10 -9 -8 -8 -8 -7 -7 -7 ------- Run | Jun Mat Min Exi Min Mat Gar Sto Fac Gar Fac Traps Triggered 4 | . . . . . 1 . . . 2 1 Indirectly . | . . . . . . . . . . . Trap Hack Attempts . | . . . . . . . . . . . Triggered . | . . . . . . . . . . . Disarmed . | . . . . . . . . . . . Reprogrammed . | . . . . . . . . . . . Reused . | . . . . . . . . . . . Traps Extracted . | . . . . . . . . . . . Installed . | . . . . . . . . . . . Triggered . | . . . . . . . . . . . Machines | -11 -10 -10 -10 -9 -8 -8 -8 -7 -7 -7 ---------- Run | Jun Mat Min Exi Min Mat Gar Sto Fac Gar Fac Machines Disabled 8 | . . . . 1 . 2 3 1 1 . Max in Single Turn 1 | . . . . 1 . 1 1 1 1 . Garrison Relay 3 | . . . . . . 2 . . 1 . Machines Repaired . | . . . . . . . . . . . Machines Sabotaged . | . . . . . . . . . . . Overloaded Fab Kills . | . . . . . . . . . . . Hacking | -11 -10 -10 -10 -9 -8 -8 -8 -7 -7 -7 --------- Run | Jun Mat Min Exi Min Mat Gar Sto Fac Gar Fac Machines Accessed 17 | . 1 . 2 . 1 2 2 8 . 1 Terminals 12 | . 1 . . . . 2 2 6 . 1 Fabricators 1 | . . . . . . . . 1 . . Repair Stations . | . . . . . . . . . . . Recycling Units . | . . . . . . . . . . . Scanalyzers . | . . . . . . . . . . . Garrison Access 2 | . . . . . 1 . . 1 . . Total Hacks 37 | . 3 . 2 . 1 3 4 20 . 4 Successful 18 | . 1 . 2 . 1 1 2 9 . 2 Failed 19 | . 2 . . . . 2 2 11 . 2 Catastrophic 5 | . 1 . . . . . . 3 . 1 Database Lockouts . | . . . . . . . . . . . Manual 23 | . 3 . 1 . . . 3 13 . 3 Terminals 32 | . 3 . . . . 3 4 18 . 4 Fabricators 1 | . . . . . . . . 1 . . Repair Stations . | . . . . . . . . . . . Recycling Units . | . . . . . . . . . . . Scanalyzers . | . . . . . . . . . . . Garrison Access 2 | . . . . . 1 . . 1 . . Terminal Hacks 13 | . 1 . 2 . . 1 2 6 . 1 Record 1 | . . . 1 . . . . . . . Part Schematic 1 | . . . . . . . . 1 . . Prototype ID Bank 1 | . . . . . . . . 1 . . Open Door 1 | . . . . . . . 1 . . . Level Access Points 1 | . . . . . . . 1 . . . Branch Access Points 2 | . 1 . . . . . . 1 . . Terminal Index 2 | . . . . . . . . 1 . 1 Hauler Manifests 1 | . . . . . . . . 1 . . Zone Layout 1 | . . . . . . . . 1 . . Garrison Registry 1 | . . . . . . 1 . . . . EX-Prototype ID Bank 1 | . . . 1 . . . . . . . Fabricator Hacks . | . . . . . . . . . . . Repair Station Hacks . | . . . . . . . . . . . Recycling Unit Hacks . | . . . . . . . . . . . Scanalyzer . | . . . . . . . . . . . Garrison Access Hacks 2 | . . . . . 1 . . 1 . . Unlock Access 2 | . . . . . 1 . . 1 . . Unauthorized Hacks 3 | . . . . . . . . 2 . 1 Terminals 3 | . . . . . . . . 2 . 1 Botnet 2 | . . . . . . . . 1 . 1 Operators 1 | . . . . . . . . 1 . . Fabricators . | . . . . . . . . . . . Repair Stations . | . . . . . . . . . . . Recycling Units . | . . . . . . . . . . . Scanalyzers . | . . . . . . . . . . . Garrison Access . | . . . . . . . . . . . Data Cores Recovered 1 | . . . . . . . . . . 1 Used . | . . . . . . . . . . . Hacking Detections 13 | . 1 . . . . 2 1 8 . 1 Full Trace Events 3 | . 1 . . . . . . 1 . 1 Feedback Events . | . . . . . . . . . . . Feedback Blocked . | . . . . . . . . . . . Robot Schematics Acquired . | . . . . . . . . . . . Robots Built . | . . . . . . . . . . . Authchips . | . . . . . . . . . . . Time . | . . . . . . . . . . . Total Robot Build Rating . | . . . . . . . . . . . Part Schematics Acquired 1 | . . . . . . . . 1 . . Parts Built . | . . . . . . . . . . . Authchips . | . . . . . . . . . . . Time . | . . . . . . . . . . . Total Part Build Rating . | . . . . . . . . . . . Parts Repaired . | . . . . . . . . . . . Time . | . . . . . . . . . . . Parts Recycled . | . . . . . . . . . . . Recycled Matter . | . . . . . . . . . . . Retrieved Matter . | . . . . . . . . . . . Retrieved Components . | . . . . . . . . . . . Parts Scanalyzed . | . . . . . . . . . . . Part Schematics Acquired . | . . . . . . . . . . . Parts Damaged . | . . . . . . . . . . . Bothacking | -11 -10 -10 -10 -9 -8 -8 -8 -7 -7 -7 ------------ Run | Jun Mat Min Exi Min Mat Gar Sto Fac Gar Fac Used RIF Installer 2 | . . . . . . 2 . . . . Watcher Feeds 1 | . . . . . . 1 . . . . Robots Hacked 14 | . . . . . . . 6 2 6 . Non-combat 5 | . . . . . . . 4 1 . . Combat 9 | . . . . . . . 2 1 6 . Robot Hacks Applied 17 | . . . . . . . 8 3 6 . drop_inventory 3 | . . . . . . . 2 1 . . block_reporting 1 | . . . . . . . 1 . . . find_garrison 1 | . . . . . . . . 1 . . wipe_record 1 | . . . . . . . 1 . . . reboot_system 1 | . . . . . . . 1 . . . overwrite_iff 6 | . . . . . . . . 1 5 . formatsys_low 2 | . . . . . . . 2 . . . formatsys_high 2 | . . . . . . . 1 . 1 . Relay Couplers Released 12 | . . . . . . 8 . . 4 . Machine Destruction 12 | . . . . . . 8 . . 4 . Attached 7 | . . . . . . 3 . 1 3 . Fabnet Peak Effective % . | . . . . . . . . . . . Robots Rewired 4 | . . . . . . 4 . . . . Allies Hacked . | . . . . . . . . . . . Hacks Repelled . | . . . . . . . . . . . Allies | -11 -10 -10 -10 -9 -8 -8 -8 -7 -7 -7 -------- Run | Jun Mat Min Exi Min Mat Gar Sto Fac Gar Fac Total Allies 24 | . . . . . . 4 13 1 6 . Largest Group 14 | . . . . . . 4 14 9 3 . Highest-Rated Group 235 | . . . . . . 71 235 137 36 . Highest-Rated Ally 29 | . . . . . . 21 29 16 12 . Total Orders 1 | . . . . . . . 1 . . . AID 1 | . . . . . . . 1 . . . Ally Attacks 63 | . . . . . . . 20 20 23 . Total Damage 1609 | . . . . . . . 341 500 768 . Kills 16 | . . . . . . . 5 7 4 . Allies Corrupted 1 | . . . . . . . . 1 . . Allies Melted . | . . . . . . . . . . . Turrets Deployed 3 | . . . . . . . . 1 2 . Intel | -11 -10 -10 -10 -9 -8 -8 -8 -7 -7 -7 ------- Run | Jun Mat Min Exi Min Mat Gar Sto Fac Gar Fac Robot Analysis Total . | . . . . . . . . . . . Derelict Logs Recovered 1 | . . 1 . . . . . . . . Drone Launches . | . . . . . . . . . . . Drone Recoveries . | . . . . . . . . . . . Exploration | -11 -10 -10 -10 -9 -8 -8 -8 -7 -7 -7 ------------- Run | Jun Mat Min Exi Min Mat Gar Sto Fac Gar Fac Turns Passed 1940 | 6 18 121 182 29 621 178 234 208 146 197 Spaces Moved 2857 | 1 33 207 345 47 480 357 297 558 179 353 Core 1135 | 1 33 207 344 47 226 1 . . 34 242 Treads . | . . . . . . . . . . . Legs 187 | . . . 1 . 186 . . . . . Wheels . | . . . . . . . . . . . Hover . | . . . . . . . . . . . Flight 1535 | . . . . . 68 356 297 558 145 111 Fastest Speed 32 | 50 50 50 50 50 32 32 32 32 32 35 Average Speed 45 | 50 50 50 50 50 78 32 32 32 37 45 Slowest Speed 200 | 50 50 50 90 50 100 200 32 32 100 100 Overloaded Moves . | . . . . . . . . . . . Propulsion Burnouts . | . . . . . . . . . . . Robots Hopped 11 | . . . . . . 2 2 5 2 . Cave-ins Triggered . | . . . . . . . . . . . Exploration Rate (%) 33 | 1 16 46 60 14 46 63 55 16 26 20 Regions Visited 10 Branch Regions 4 Pre-discovered Areas 1 | . . . 1 . . . . . . . Known Exits Taken 4 | . 1 . . . 1 . 1 1 . . Unknown Exits Taken 4 | 1 . 1 1 1 . . . . . . Scrap Searched 1 | . . 1 . . . . . . . . Spaces Dug 40 | . . . . . 14 . 13 9 2 2 Terrain Destroyed 68 | . . . . 5 14 . 13 9 8 19 Melee 21 | . . . . . 8 . . 9 2 2 Projectile . | . . . . . . . . . . . AOE 47 | . . . . 5 6 . 13 . 6 17 Terrain Rammed . | . . . . . . . . . . . Walls Destroyed . | . . . . . . . . . . . Machines Disabled . | . . . . . . . . . . . Actions | -11 -10 -10 -10 -9 -8 -8 -8 -7 -7 -7 --------- Run | Jun Mat Min Exi Min Mat Gar Sto Fac Gar Fac Total 3368 | 9 33 214 353 49 676 417 425 571 245 376 Wait 276 | . . . . . 136 11 112 1 16 . Move 2828 | . 32 206 344 46 480 352 292 549 174 353 Hop 10 | . . . . . . 2 2 4 2 . Pick Up 15 | . 1 2 3 . 1 4 . 1 1 2 Fast Attach 25 | . . 1 2 . 8 3 . 1 2 8 Attach 8 | 2 . . . . 1 2 . 1 . 2 Detach 3 | . . . . . . 1 . . . 2 Swap 12 | . . . 1 2 4 1 2 . 2 . Drop 26 | 7 . . 3 . 3 7 . 1 4 1 Fire 47 | . . 5 . 1 7 . 16 3 10 5 Melee 59 | . . . . . 36 3 1 10 6 3 Ram 1 | . . . . . . 1 . . . . Kick . | . . . . . . . . . . . Crush . | . . . . . . . . . . . Escape Stasis 28 | . . . . . . . . . 28 . Rewire 30 | . . . . . . 30 . . . . Trap . | . . . . . . . . . . . Miscellaneous . | . . . . . . . . . . . Route ------- -11/Junkyard -10/Materials (discovered 2 exits: *Min x2) -10/Mines (discovered 2 exits: [*Mat] / *Exi) -10/Exiles -9/Mines -8/Materials (discovered 6 exits: *Fac x3 / *Sto x2 / Gar) -8/Garrison (discovered 3 exits: *Sto x3) -8/Storage -7/Factory (discovered 3 exits: Low x2 / Gar) -7/Garrison -7/Factory History --------- Turn | Location | Event 7 | -11/Junkyard | Discovered new exit (range 0) 7 | -11/Junkyard | Entered Materials 15 | -10/Materials | Identified exit to Mines 25 | -10/Materials | Entered Mines 30 | -10/Mines | Discovered new exit (range 16) 56 | -10/Mines | A weapon hastily lodged in a ceiling crevice suddenly fell to the ground 99 | -10/Mines | Learned 8 Materials zone layouts 106 | -10/Mines | Joined a pair of Derelicts in attacking an 0b10 outpost 144 | -10/Mines | Deemed a non-threat by the Exiles lab entrance 144 | -10/Mines | Discovered new exit (range 5) 146 | -10/Mines | Entered Exiles 159 | -10/Exiles | Met 8R-AWN 168 | -10/Exiles | Met EX-HEX 182 | -10/Exiles | Met EX-BIN 188 | -10/Exiles | Aligned with FarCom system 188 | -10/Exiles | Given EX-Vault access code 200 | -10/Exiles | Opened EX-Vault 205 | -10/Exiles | Found Potential Leg 207 | -10/Exiles | Found Potential Leg 213 | -10/Exiles | Found Deploy-a-Sentry 214 | -10/Exiles | Found Deploy-a-Sentry 225 | -10/Exiles | Warned to stay clear of 0b10 Research branches 239 | -10/Exiles | Met EX-DEC 241 | -10/Exiles | Learned location of Zion (-6) 270 | -10/Exiles | Found Deploy-a-Sentry 309 | -10/Exiles | Build established: Mutant 324 | -10/Exiles | Discovered new exit (range 10) 328 | -10/Exiles | Stole two prototypes: Potential Leg, Deploy-a-Sentry 328 | -10/Exiles | Entered Mines 347 | -9/Mines | Discovered new exit (range 11) 357 | -9/Mines | Entered Materials 357 | -8/Materials | Evolved 4 slots: Utility x4 357 | -8/Materials | Discovered new exit (range 8) 358 | -8/Materials | Identified exit to Storage 358 | -8/Materials | Identified exit to Factory 386 | -8/Materials | Discovered exit to Storage (range 8) 695 | -8/Materials | Discovered exit to Factory (range 6) 962 | -8/Materials | Discovered exit to Factory (range 10) 978 | -8/Materials | Identified exit to Garrison 978 | -8/Materials | Entered Garrison 978 | -8/Garrison | Discovered recently destroyed garrison 985 | -8/Garrison | Installed Relay Interface Framework 1025 | -8/Garrison | Garrison Relay disabled 1042 | -8/Garrison | Discovered exit to Storage (range 49) 1042 | -8/Garrison | Discovered exit to Storage (range 18) 1042 | -8/Garrison | Discovered exit to Storage (range 77) 1070 | -8/Garrison | Expanded RIF knowledge: Watcher Feeds 1118 | -8/Garrison | Garrison Relay disabled 1156 | -8/Garrison | Entered Storage 1156 | -8/Storage | Accompanied by 3 allies 1223 | -8/Storage | Assisted by bots powering up and referring to "LRC-V3" 1390 | -8/Storage | Entered Factory 1390 | -7/Factory | Accompanied by 8 allies 1390 | -7/Factory | Evolved 2 slots: Utility x2 1392 | -7/Factory | FarCom data flow suspended 1543 | -7/Factory | DAS Turret deployed 1562 | -7/Factory | Build established: Commander-Sprinter 1574 | -7/Factory | Identified exit to Lower Caves 1598 | -7/Factory | Identified exit to Garrison 1598 | -7/Factory | Entered Garrison 1633 | -7/Garrison | Garrison Relay disabled 1686 | -7/Garrison | Triggered checkpoint 1693 | -7/Garrison | Triggered checkpoint 1706 | -7/Garrison | DAS Turret deployed 1710 | -7/Garrison | DAS Turret deployed 1712 | -7/Garrison | Core integrity fell below 50% 1736 | -7/Garrison | Discovered new exit (range 8) 1744 | -7/Garrison | Entered Factory 1772 | -7/Factory | Lost 8 parts (1p2n3u2w) 1824 | -7/Factory | Core integrity fell below 20% 1941 | -7/Factory | Self-destructed Last Messages --------------- 01895_ K-01 Serf cleans the Assembly Bed. 01901_ Triggered Blade Trap. 01901_ Massive razor-sharp blades shoot up from within the floor. 01901_ VTOL Module severed. 01901_ Imp. Datajack severed. 01901_ Acquired VTOL Module. 01903_ Acquired Imp. Datajack. 01907_ W-25 Informer sends out distress signal. 01910_ Acquired Powered Hammer. 01914_ Destroyed System Restoration Module. 01914_ Destroyed Imp. Datajack. 01914_ Destroyed Hacking Suite. 01914_ Destroyed System Shield. 01914_ O-24 Administrator system corrupted by crushing effect. 01915_ O-24 Administrator system terminally corrupted. 01915_ Imp. Hover Unit fried. 01916_ Acquired 24 matter. 01917_ Acquired data core, extracted dynamic key. 01917_ Decrypted 11 local trap positions from data. 01919_ K-01 Serf collects debris. Map ----- +----------------------------------------------------+ | ! #?????????????? | | ! """""" #?????????????? | | """""" #?????????????? | | """""" #?????????????? | | """""" ######### ########?????????????? | | # """ !?# #????????????????????? | | """" """""" # "R" # ^^ ^#???##???????????????? | | """" """""" / " " #^ ^ ^#??? ##??????????????? | | """" """""" # + #?? #??????????????? | | """" """""" # # #?? #??????????????? | | # !/ # #?" #??????????????? | | """" """""" # !/?# #?"" #??????????????? | | "??" ""??"" # ! //?# #""" #??????????????? | | "??" "????" ]# ??# #""" #??????????????? | | ???? "????? # """"??# + #??????????????? | | ???? ????? # """???# # #??????????????? | | ???? "????? # """???# # #??????????????? | | ???? ?????? # ""????# #? #??????????????? | | ???? ?????? #???????# #? #??????????????? | | ??????????????????????# #?? #??????????????? | | ??????????????????????# #??####??????????????? | | ??????????????????????# #????????????????????? | | ???????????????????#+## #????????????????????? | | ???????????????##### #????????????????????? | | ?????? #????????????????????? | | ??????????##########+####@###????????????????????? | | ??????????????????????? "?????????????????????? | | ????????????????????? ""S"???????????????????? | | ???????????????????# "" "" ?????????????????? | | ???????????????????# #????????????????? | | ???????????????????# #????????????????? | | ???????????????????# """ """ #????????????????? | | ???????????????????# """ """ #????????????????? | | ???????????????????# """ """ #????????????????? | | ???????????????????# ??#????????????????? | | ???????????????????# ???????????????????? | | ???????????????????# ???????????????????? | | ???????????????????# ???????????????????? | | ???????????????????########?##???????????????????? | | ?????????????????????????????????????????????????? | | ?????????????????????????????????????????????????? | | ?????????????????????????????????????????????????? | | ?????????????????????????????????????????????????? | | ?????????????????????????????????????????????????? | | ?????????????????????????????????????????????????? | | ?????????????????????????????????????????????????? | | ?????????????????????????????????????????????????? | | ?????????????????????????????????????????????????? | | ?????????????????????????????????????????????????? | | ?????????????????????????????????????????????????? | +----------------------------------------------------+ Best States ------------- Heat Dissipation 34 Energy Generation 11 Energy Capacity 125 Matter Stores 300 Matter Capacity 300 Sight Range 20 Terrain Scan Density 10 Additional Mass Support 6 Armor Coverage 150 Evasion (%) 63 Targeting Accuracy 13 Melee Accuracy 6 Target Analysis 5 Armor Integrity Analysis 30 Recoil Reduction 2 Offensive Hacking 14 Relay Coupler Types 5 Relay Coupler Value 109 Item Schematics ----------------- Remote Datajack | -7/Factory | Hacked Robot Schematics ------------------ None Fabricated ------------ Nothing Alien Tech Used ----------------- None Achievements -------------- None Challenges ------------ None Game ------ Seed BeamAntigravGravjet Manual? 0 Play Time 00:31:09 Cumulative 417.0 hours Start 2023.04.27 @ 23:15:56 End 2023.04.28 @ 01:28:05 Sessions 2 Manual Loads 0 Difficulty Rogue Special Mode None Game No. 454 Rogue 454 Adventurer 0 Explorer 0 Win Type - Total 12 Types 8/0/3/1/0/0/0/0/0 Lore% 82 Gallery% 90 Achievement% 80 Wizard Run 0 Options --------- ASCII 0 Keyboard 0 Movement Numpad Keybinds 0 Fullscreen 1 Font 18/Terminus Map View 76x50 Tactical HUD 1 Map Filters NONE Filters NONE Steam 1 RUN: 12da759f-fc7e-4790-b6ec-70a2dfa18ce5